PA
KENT COMETS @ EUGENE VANDALS
09/02/2041
 
TOP OF THE 1ST
Kent Comets batting - Pitching for Eugene Vandals : LHP Gyu-hyun Chong
Pitching: LHP Gyu-hyun Chong
Batting: LHB Takahashi Yano 0-0: Called Strike
0-1: Ball
1-1: Ball
2-1: Swinging Strike
2-2: Ball
3-2: Foul Ball, location: 2F
3-2: Base on Balls
Batting: RHB Alohinani Puanani 0-0: Ball
1-0: Ball
2-0: Ball
3-0: Called Strike
3-1: SINGLE (Groundball, 4MD, EV 104.4 MPH)
Takahashi Yano to second
Runner from 2nd tries for 3rd, SAFE, no throw by CF
Batting: LHB Octávio Obezo 0-0: Called Strike
0-1: Ball
Alohinani Puanani steals 2nd base
1-1: Fly out, F9 (Flyball, 9S, EV 92.5 MPH)
Runner from 3rd tags up, SCORES, throw by RF
Batting: LHB Numberto Pencíl 0-0: 2-RUN HOME RUN (Flyball, 9D, EV 103.1 MPH), Distance : 398 ft
Batting: RHB Brian Myers 0-0: Swinging Strike
0-1: Foul Ball, location: 2F
0-2: Ball
1-2: Ball
2-2: Ball
3-2: Fly out, F9 (Flyball, 9S, EV 90.6 MPH)
Batting: RHB Bill Carson 0-0: Ball
1-0: Ball
2-0: Called Strike
2-1: Ball
3-1: Called Strike
3-2: Foul Ball, location: 2F
3-2: Base on Balls
Batting: SHB Jesús Muńíz 0-0: Ball
1-0: Foul Ball, location: 2F
1-1: Called Strike
1-2: Ball
2-2: Foul Ball, location: 2F
2-2: Foul Ball, location: 2F
2-2: Ball
Bill Carson steals 2nd base
3-2: Fly out, F7 (Flyball, 78M, EV 95.0 MPH)
Top of the 1st over - 3 runs, 2 hits, 0 errors, 1 left on base; Kent 3 - Eugene 0
BOTTOM OF THE 1ST
Eugene Vandals batting - Pitching for Kent Comets : RHP Rob Butler
Pitching: RHP Rob Butler
Batting: RHB Gyoo-jae Kil 0-0: Ball
1-0: Called Strike
1-1: Foul Ball, location: 2F
1-2: Foul Ball, location: 2F
1-2: Ball
2-2: SOLO HOME RUN (Flyball, 7LD, EV 94.4 MPH), Distance : 346 ft
Batting: RHB Ángel Júlio 0-0: Ball
1-0: Called Strike
1-1: Ball
2-1: Ball
3-1: Base on Balls
Batting: LHB Roosevelt Cartledge 0-0: Ball
1-0: Called Strike
1-1: Ball
2-1: Called Strike
2-2: Ball
3-2: Foul Ball, location: 2F
3-2: DOUBLE (Line Drive, 7LS, EV 110.0 MPH)
Ángel Júlio to third
Batting: LHB Aniq bin Mu'ayyad 0-0: Swinging Strike
0-1: Ball
1-1: Fly out, F6 (Popup, 6S, EV 70.0 MPH)
Batting: SHB Dave Richards 0-0: Ball
1-0: Ball
2-0: Swinging Strike
2-1: Foul Ball, location: 2F
2-2: Strikes out looking
Batting: RHB Ken Francis 0-0: Ball
1-0: Foul Ball, location: 2F
1-1: SINGLE (Line Drive, 7S, EV 105.0 MPH)
Ángel Júlio scores
Roosevelt Cartledge to third
Runner from 3rd tries for Home, SAFE, throw by LF to home
Batting: RHB Alfonso Pereyra 0-0: Called Strike
0-1: Ball
1-1: Foul Ball, location: 2F
1-2: Ground out 5-3 (Groundball, 56S, EV 90.6 MPH)
Bottom of the 1st over - 3 runs, 3 hits, 0 errors, 1 left on base; Kent 3 - Eugene 3
TOP OF THE 2ND
Kent Comets batting - Pitching for Eugene Vandals : LHP Gyu-hyun Chong
Batting: RHB Roberto Méndez 0-0: SINGLE (Groundball, 6D, EV 105.6 MPH)
Batting: RHB Ryan Buggins 0-0: SINGLE (Flyball, 6MD, EV 98.1 MPH)
Roberto Méndez to second
Batting: LHB Takahashi Yano 0-0: Ball
1-0: 3-RUN HOME RUN (Flyball, 9LD, EV 95.6 MPH), Distance : 341 ft
Batting: RHB Alohinani Puanani 0-0: Foul Ball, location: 2F
0-1: Ground out 6-3 (Groundball, 6, EV 81.9 MPH)
Batting: LHB Octávio Obezo 0-0: Ball
1-0: Ground out 4-3 (Groundball, 4, EV 106.9 MPH)
Batting: LHB Numberto Pencíl 0-0: Fly out, F8 (Flyball, 8LS, EV 81.2 MPH)
Top of the 2nd over - 3 runs, 3 hits, 0 errors, 0 left on base; Kent 6 - Eugene 3
BOTTOM OF THE 2ND
Eugene Vandals batting - Pitching for Kent Comets : RHP Rob Butler
Batting: RHB Arturo Beltrán 0-0: Ball
1-0: Called Strike
1-1: Ball
2-1: Swinging Strike
2-2: Strikes out swinging
Batting: RHB Will Ross 0-0: Foul Ball, location: 2F
0-1: Swinging Strike
0-2: Foul Ball, location: 2F
0-2: Strikes out swinging
Batting: RHB Gyoo-jae Kil 0-0: DOUBLE (Line Drive, 3D, EV 95.0 MPH)
Batting: RHB Ángel Júlio 0-0: DOUBLE (Line Drive, 9LM, EV 102.5 MPH)
Gyoo-jae Kil scores
Batting: LHB Roosevelt Cartledge 0-0: Ball
1-0: Ground out 4-3 (Groundball, 4, EV 86.9 MPH)
Bottom of the 2nd over - 1 run, 2 hits, 0 errors, 1 left on base; Kent 6 - Eugene 4
TOP OF THE 3RD
Kent Comets batting - Pitching for Eugene Vandals : LHP Gyu-hyun Chong
Batting: RHB Brian Myers 0-0: Ball
1-0: Fly out, F8 (Flyball, 8LM, EV 95.0 MPH)
Batting: RHB Bill Carson 0-0: Ball
1-0: Foul Ball, location: 2F
1-1: Ball
2-1: SINGLE (Flyball, 9LS, EV 90.6 MPH)
Pitching: RHP Karel Vandemeulbroucke
Batting: SHB Jesús Muńíz 0-0: SINGLE (Line Drive, 78M, EV 110.6 MPH)
Bill Carson to second
Batting: RHB Roberto Méndez 0-0: Called Strike
0-1: Ball
1-1: Foul Ball, location: 2F
1-2: Strikes out looking
Batting: RHB Ryan Buggins 0-0: Called Strike
0-1: Foul Ball, location: 2F
0-2: Ball
1-2: Ball
2-2: Ball
3-2: Strikes out swinging
Top of the 3rd over - 0 runs, 2 hits, 0 errors, 2 left on base; Kent 6 - Eugene 4
BOTTOM OF THE 3RD
Eugene Vandals batting - Pitching for Kent Comets : RHP Rob Butler
Batting: LHB Aniq bin Mu'ayyad 0-0: Ball
1-0: Called Strike
1-1: Foul Ball, location: 2F
1-2: Strikes out swinging
Batting: SHB Dave Richards 0-0: Swinging Strike
0-1: Ball
1-1: Ball
2-1: SINGLE (Flyball, 78M, EV 93.1 MPH)
Batting: RHB Ken Francis 0-0: Foul Ball, location: 2F
0-1: Swinging Strike
0-2: Ball
1-2: Strikes out swinging
Batting: RHB Alfonso Pereyra 0-0: Called Strike
0-1: Swinging Strike
0-2: Ball
1-2: Ball
2-2: Foul Ball, location: 2F
2-2: Foul Ball, location: 2F
2-2: Foul Ball, location: 2F
2-2: SINGLE (Groundball, 4MD, EV 105.0 MPH)
Dave Richards to second
Batting: RHB Arturo Beltrán 0-0: Swinging Strike
0-1: Ball
1-1: Swinging Strike
1-2: Ball
2-2: Foul Ball, location: 2F
2-2: SINGLE (Line Drive, 4D, EV 98.8 MPH)
Dave Richards to third
Alfonso Pereyra to second
Batting: RHB Will Ross 0-0: Called Strike
0-1: Ball
Wild Pitch!
Dave Richards scores
Alfonso Pereyra to third
Arturo Beltrán to second
1-1: Ball
2-1: Foul Ball, location: 2F
2-2: SINGLE (Line Drive, 56, EV 98.1 MPH)
Alfonso Pereyra scores
Arturo Beltrán to third
Runner from 3rd tries for Home, SAFE, throw by LF to home
Pitching: RHP Ellis Huntley
Batting: RHB Gyoo-jae Kil 0-0: Called Strike
0-1: Ball
1-1: Ball
2-1: Ball
3-1: Called Strike
3-2: Base on Balls
Will Ross to second
Batting: RHB Ángel Júlio 0-0: Called Strike
0-1: SINGLE (Groundball, 6MD, EV 98.1 MPH)
Will Ross to third
Gyoo-jae Kil to second
Runner from 3rd tries for Home, SAFE, throw by CF to home
Batting: LHB Roosevelt Cartledge 0-0: Swinging Strike
0-1: Ball
1-1: Called Strike
1-2: Ball
2-2: Strikes out swinging
Bottom of the 3rd over - 4 runs, 5 hits, 0 errors, 2 left on base; Kent 6 - Eugene 8
TOP OF THE 4TH
Kent Comets batting - Pitching for Eugene Vandals : RHP Karel Vandemeulbroucke
Batting: LHB Takahashi Yano 0-0: Ball
1-0: Called Strike
1-1: Foul Ball, location: 2F
1-2: Strikes out looking
Batting: RHB Alohinani Puanani 0-0: Ball
1-0: Ball
2-0: Fly out, F8 (Line Drive, 8LD, EV 87.5 MPH)
Batting: LHB Octávio Obezo 0-0: Ball
1-0: Swinging Strike
1-1: Ground out 3-1 (Groundball, 34S, EV 90.0 MPH)
Top of the 4th over - 0 runs, 0 hits, 0 errors, 0 left on base; Kent 6 - Eugene 8
BOTTOM OF THE 4TH
Eugene Vandals batting - Pitching for Kent Comets : RHP Ellis Huntley
Batting: LHB Aniq bin Mu'ayyad 0-0: Called Strike
0-1: Ground out 4-3 (Groundball, 34D, EV 96.2 MPH)
Batting: SHB Dave Richards 0-0: Foul Ball, location: 2F
0-1: Called Strike
0-2: Ball
1-2: Strikes out swinging
Batting: RHB Ken Francis 0-0: Foul Ball, location: 2F
0-1: Ball
1-1: Ball
2-1: Swinging Strike
2-2: Ball
3-2: Strikes out swinging
Bottom of the 4th over - 0 runs, 0 hits, 0 errors, 0 left on base; Kent 6 - Eugene 8
TOP OF THE 5TH
Kent Comets batting - Pitching for Eugene Vandals : RHP Karel Vandemeulbroucke
Batting: LHB Numberto Pencíl 0-0: Ball
1-0: Swinging Strike
1-1: Ball
2-1: Foul Ball, location: 2F
2-2: Ball
3-2: Base on Balls
Batting: RHB Brian Myers 0-0: Called Strike
0-1: Foul Ball, location: 2F
0-2: Ball
1-2: Ball
2-2: Fly out, F9 (Line Drive, 9D, EV 102.5 MPH)
Batting: RHB Bill Carson 0-0: Foul Ball, location: 2F
0-1: Swinging Strike
0-2: Ball
1-2: Foul Ball, location: 2F
1-2: Strikes out looking
Batting: SHB Jesús Muńíz 0-0: SINGLE (Flyball, 7S, EV 83.1 MPH)
Numberto Pencíl to second
Batting: RHB Roberto Méndez 0-0: SINGLE (Line Drive, 89M, EV 85.0 MPH)
Numberto Pencíl to third
Jesús Muńíz to second
Runner from 3rd tries for Home, SAFE, no throw by RF
Batting: RHB Ryan Buggins 0-0: Ball
1-0: Foul Ball, location: 2F
1-1: Ground out 5-3 (Groundball, 56S, EV 68.1 MPH)
Top of the 5th over - 1 run, 2 hits, 0 errors, 2 left on base; Kent 7 - Eugene 8
BOTTOM OF THE 5TH
Eugene Vandals batting - Pitching for Kent Comets : RHP Ellis Huntley
Batting: RHB Alfonso Pereyra 0-0: Called Strike
0-1: Foul Ball, location: 2F
0-2: Foul Ball, location: 2F
0-2: Hit by Pitch
Batting: RHB Arturo Beltrán 0-0: Foul Ball, location: 2F
0-1: Foul Ball, location: 2F
0-2: Ball
1-2: Ball
2-2: Strikes out swinging
Batting: RHB Will Ross 0-0: Ball
1-0: Ball
2-0: Ball
3-0: Called Strike
3-1: Swinging Strike
3-2: Strikes out swinging
Batting: RHB Gyoo-jae Kil 0-0: Called Strike
0-1: Ball
1-1: Foul Ball, location: 2F
1-2: Foul Ball, location: 2F
1-2: Foul Ball, location: 2F
1-2: Foul Ball, location: 2F
1-2: Ball
2-2: Fielders Choice at 2nd, 6-4 (Groundball, 6, EV 78.8 MPH)
Bottom of the 5th over - 0 runs, 0 hits, 0 errors, 1 left on base; Kent 7 - Eugene 8
TOP OF THE 6TH
Kent Comets batting - Pitching for Eugene Vandals : RHP Karel Vandemeulbroucke
Batting: LHB Takahashi Yano 0-0: Ball
1-0: Called Strike
1-1: Called Strike
1-2: Ball
2-2: Strikes out swinging
Batting: RHB Alohinani Puanani 0-0: Ball
1-0: Called Strike
1-1: DOUBLE (Line Drive, 8LXD, EV 100.6 MPH)
Pitching: RHP Lang Lian
Batting: LHB Octávio Obezo 0-0: Called Strike
0-1: Ball
1-1: Foul Ball, location: 2F
1-2: Foul Ball, location: 2F
1-2: Ball
2-2: Strikes out swinging
Batting: LHB Numberto Pencíl 0-0: Ball
1-0: Ball
2-0: Ball
3-0: Called Strike
3-1: Called Strike
3-2: 2-RUN HOME RUN (Flyball, 9LD, EV 108.1 MPH), Distance : 358 ft
Batting: RHB Brian Myers 0-0: Ball
1-0: Ground out 5-3 (Groundball, 56S, EV 55.6 MPH)
Top of the 6th over - 2 runs, 2 hits, 0 errors, 0 left on base; Kent 9 - Eugene 8
BOTTOM OF THE 6TH
Eugene Vandals batting - Pitching for Kent Comets : RHP Ellis Huntley
Batting: RHB Ángel Júlio 0-0: Swinging Strike
0-1: Swinging Strike
0-2: Strikes out looking
Batting: LHB Roosevelt Cartledge 0-0: Ball
1-0: Swinging Strike
1-1: Called Strike
1-2: Ball
2-2: Strikes out swinging, 2-3 out at first.
Batting: LHB Aniq bin Mu'ayyad 0-0: Called Strike
0-1: Called Strike
0-2: Ball
1-2: Ball
2-2: Ball
3-2: Foul Ball, location: 2F
3-2: Strikes out looking
Bottom of the 6th over - 0 runs, 0 hits, 0 errors, 0 left on base; Kent 9 - Eugene 8
TOP OF THE 7TH
Kent Comets batting - Pitching for Eugene Vandals : RHP Lang Lian
Batting: RHB Bill Carson 0-0: Called Strike
0-1: Swinging Strike
0-2: Ball
1-2: Fly out, F9 (Flyball, 89S, EV 85.6 MPH)
Batting: SHB Jesús Muńíz 0-0: Ball
1-0: Called Strike
1-1: Foul Ball, location: 2F
1-2: Strikes out looking
Batting: RHB Roberto Méndez 0-0: Fly out, F9 (Flyball, 9LMF, EV 102.5 MPH)
Top of the 7th over - 0 runs, 0 hits, 0 errors, 0 left on base; Kent 9 - Eugene 8
BOTTOM OF THE 7TH
Eugene Vandals batting - Pitching for Kent Comets : RHP Ellis Huntley
Now in LF: León Galiano
Batting: SHB Dave Richards 0-0: Fly out, F9 (Flyball, 9LMF, EV 91.2 MPH)
Batting: RHB Ken Francis 0-0: Swinging Strike
0-1: Ball
1-1: Ball
2-1: Called Strike
2-2: Fly out, F7 (Line Drive, 7, EV 88.8 MPH)
Pitching: RHP Henry Terry
Batting: RHB Alfonso Pereyra 0-0: Called Strike
0-1: Ball
1-1: Swinging Strike
1-2: Strikes out looking
Bottom of the 7th over - 0 runs, 0 hits, 0 errors, 0 left on base; Kent 9 - Eugene 8
TOP OF THE 8TH
Kent Comets batting - Pitching for Eugene Vandals : RHP Lang Lian
Batting: RHB Ryan Buggins 0-0: Swinging Strike
0-1: Ball
1-1: Foul Ball, location: 2F
1-2: Strikes out looking
Batting: LHB Takahashi Yano 0-0: Ball
1-0: Ball
2-0: Called Strike
2-1: Ball
3-1: Fly out, F7 (Line Drive, 7, EV 93.1 MPH)
Batting: RHB Alohinani Puanani 0-0: Ball
1-0: Ball
2-0: DOUBLE (Flyball, 89XD, EV 93.8 MPH)
Batting: LHB Octávio Obezo 0-0: Ball
1-0: Called Strike
1-1: Ball
2-1: Fly out, F7 (Flyball, 7LD, EV 95.0 MPH)
Top of the 8th over - 0 runs, 1 hit, 0 errors, 1 left on base; Kent 9 - Eugene 8
BOTTOM OF THE 8TH
Eugene Vandals batting - Pitching for Kent Comets : RHP Henry Terry
Batting: RHB Arturo Beltrán 0-0: Ground out 6-3 (Groundball, 56, EV 88.8 MPH)
Batting: RHB Will Ross 0-0: Foul Ball, location: 2F
0-1: Fly out, F7 (Flyball, 78M, EV 94.4 MPH)
Batting: RHB Gyoo-jae Kil 0-0: Fly out, F7 (Line Drive, 7, EV 101.9 MPH)
Bottom of the 8th over - 0 runs, 0 hits, 0 errors, 0 left on base; Kent 9 - Eugene 8
TOP OF THE 9TH
Kent Comets batting - Pitching for Eugene Vandals : RHP Lang Lian
Batting: RHB León Galiano 0-0: Ball
1-0: Foul Ball, location: 2F
1-1: Called Strike
1-2: Strikes out swinging
Batting: RHB Brian Myers 0-0: Ball
1-0: Ball
2-0: Called Strike
2-1: Swinging Strike
2-2: Ground out 5-3 (Groundball, 56S, EV 88.1 MPH)
Batting: RHB Bill Carson 0-0: Called Strike
0-1: Swinging Strike
0-2: Ball
1-2: Ball
2-2: Foul Ball, location: 2F
2-2: Ball
3-2: Base on Balls
Batting: SHB Jesús Muńíz 0-0: Called Strike
0-1: SINGLE (Groundball, 4D, EV 96.2 MPH)
Bill Carson to second
Runner from 2nd tries for 3rd, OUT! 8-5
Top of the 9th over - 0 runs, 1 hit, 0 errors, 1 left on base; Kent 9 - Eugene 8
BOTTOM OF THE 9TH
Eugene Vandals batting - Pitching for Kent Comets : RHP Henry Terry
Pitching: RHP Gypsyamber D'Souza
Batting: RHB Ángel Júlio 0-0: SINGLE (Line Drive, 4MD, EV 101.2 MPH)
Batting: LHB Roosevelt Cartledge 0-0: Swinging Strike
0-1: Foul Ball, location: 2F
0-2: Strikes out swinging
Batting: LHB Aniq bin Mu'ayyad 0-0: Ball
1-0: Foul Ball, location: 2F
1-1: Swinging Strike
1-2: Ball
2-2: Fly out, F7 (Flyball, 7, EV 91.9 MPH)
Batting: SHB Dave Richards 0-0: Called Strike
0-1: Ball
1-1: 2-RUN HOME RUN (Flyball, 9D, EV 105.6 MPH), Distance : 401 ft
Tuesday, January 5th, 2021 - OOTP Baseball 20.8 Build 74